 Dungeon Crawl Stone Soup version 0.24-a0-123-ga2403f3 (webtiles) character file.

Game seed: 6815579920714084992

201 snowfan the Magician (level 5, 0/35 HPs)
             Began as a Mummy Fire Elementalist on Feb 23, 2019.
             Was a Believer of Uskayaw.
             Slain by a hornet (10 damage)
             ... on level 3 of the Dungeon.
             The game lasted 00:12:30 (3308 turns).

snowfan the Magician (Mummy Fire Elementalist)      Turns: 3308, Time: 00:12:31

Health: 0/35       AC:  3    Str: 11    XL:     5   Next: 50%
Magic:  3/11       EV: 12    Int: 16    God:    Uskayaw [**....]
Gold:   153        SH:  0    Dex: 12    Spells: 6/12 levels left

rFire    x . .     SeeInvis .   e - -2 dagger (curse)
rCold    + . .     Gourm    .   (no shield)
rNeg     + + +     Faith    .   a - +0 robe
rPois    ∞         Spirit   .   (no helmet)
rElec    .         Reflect  .   (no cloak)
rCorr    .         Harm     .   g - +0 pair of gloves
MR       .....                  (no boots)
Stlth    ++........             (no amulet)
HPRegen  0.11/turn              (no ring)
MPRegen  0.12/turn              (no ring)

@: no status effects
A: no food or potions, fire vulnerability, cold resistance 1, negative energy
resistance 3, torment resistance, unbreathing
a: Stomp, Line Pass, Renounce Religion


You were on level 3 of the Dungeon.
You worshipped Uskayaw.
Uskayaw was noncommittal.
You were not hungry.

You visited 1 branch of the dungeon, and saw 4 of its levels.

You collected 153 gold pieces.

Inventory:

Hand Weapons
 d - a +0 short sword
 e - a cursed -2 dagger (weapon)
 f - a +1 dagger of draining
Armour
 a - a +0 robe (worn)
 g - a +0 pair of gloves (worn)
Jewellery
 l - an uncursed ring of wizardry {unknown}
Scrolls
 b - a scroll of blinking {unknown}
 c - 3 scrolls of identify {unknown}
 h - a scroll of teleportation {unknown}
 i - a scroll of remove curse {unknown}
 j - 2 scrolls of magic mapping {unknown}
 k - a scroll of enchant weapon {unknown}


   Skills:
 - Level 1.5 Dodging
 - Level 1.5 Stealth
 + Level 4.3 Spellcasting
 - Level 2.1 Conjurations
 * Level 4.1 Fire Magic


You had 6 spell levels left.
You knew the following spells:

 Your Spells              Type           Power        Failure   Level  Hunger
a - Flame Tongue          Conj/Fire      ##...        4%          1    N/A
d - Conjure Flame         Conj/Fire      ##......     14%         3    N/A
s - Throw Flame           Conj/Fire      ##....       7%          2    N/A

Your spell library contained the following spells:

 Spells                   Type           Power        Failure   Level  Hunger
 Inner Flame              Hex/Fire       ##......     22%         3    N/A
 Sticky Flame             Conj/Fire      ##......     41%         4    N/A
 Fireball                 Conj/Fire      ##........   77%         5    N/A

Dungeon Overview and Level Annotations

Branches:
Dungeon (4/15)
 Temple: D:4-7

Altars:
Nemelex Xobeh
Uskayaw


Innate Abilities, Weirdness & Mutations

You do not eat or drink.
Your flesh is vulnerable to fire.
You are immune to poison.
Your flesh is cold resistant. (rC+)
You are immune to negative energy. (rN+++)
You are immune to unholy pain and torment.
You can survive without breathing.


Message History

The flame tongue hits the hornet but does no damage.
The hornet is moderately wounded.
The hornet barely misses you.
Casting: Flame Tongue (safe; 4% risk of failure)
Confirm with . or Enter, or press ? or * to list all spells.
Aiming: Flame Tongue (safe; 4% risk of failure)
Press: ? - help, Shift-Dir - straight line, f/p - hornet
Aim: a hornet (moderately wounded)
The flame tongue hits the hornet.
The hornet is heavily wounded.
The hornet barely misses you. The hornet closely misses you.
Casting: Flame Tongue (safe; 4% risk of failure)
Confirm with . or Enter, or press ? or * to list all spells.
Aiming: Flame Tongue (safe; 4% risk of failure)
Press: ? - help, Shift-Dir - straight line, f/p - hornet
Aim: a hornet (heavily wounded)
The flame tongue hits the hornet!
The hornet is severely wounded.
The hornet closely misses you. The hornet stings you!
You die...

..### .#
#....####.# ......
..# #...# #.# #+#
#..###.# . +.+
#....#.# #. ##y##
##....#.#
.###@#)###.....).#
#.....#.........#.#
####.###........#>#
##.....####.###.#
#...y### #.# #.#
#.##.# ..# #.#
................
..#
###..######.####
### #.


You could see a hornet.

Vanquished Creatures
  A hound (D:4)
  An orc priest (D:4)
  2 worker ants (D:4)
  A hound skeleton (D:4)
  An adder (D:2)
  An ooze (D:1)
  2 worms (D:2)
  3 dart slugs (D:2)
  3 leopard geckos
  7 orcs
  2 ball pythons
  4 goblins
  3 hobgoblins
  4 jackals (D:2)
  7 kobolds
  A quokka (D:2)
  5 bats
  2 frilled lizards
  A quokka skeleton (D:4)
  2 rats (D:2)
53 creatures vanquished.

Notes
Turn   | Place    | Note
-------+----------+-------------------------------------------
     0 | D:1      | snowfan the Mummy Fire Elementalist began the quest for the
                  | Orb.
     0 | D:1      | Reached XP level 1. HP: 13/13 MP: 4/4
     0 | D:1      | Noticed an orb of fire
     0 | D:1      | Noticed an ice dragon
     5 | D:1      | Noticed an orb of fire
     6 | D:1      | Noticed an iron dragon
     7 | D:1      | Noticed an orb of fire
    12 | D:1      | Noticed a shadow dragon
    13 | D:1      | Noticed an ice dragon
    14 | D:1      | Noticed an ice dragon
    16 | D:1      | Noticed a shadow dragon
    18 | D:1      | Noticed a tentacled monstrosity
    18 | D:1      | Noticed a shadow dragon
    20 | D:1      | Noticed an orb of fire
   118 | D:1      | Reached skill level 1 in Conjurations
   482 | D:1      | Reached XP level 2. HP: 19/19 MP: 0/5
  1087 | D:2      | Reached XP level 3. HP: 24/24 MP: 5/7
  1326 | D:2      | Learned a level 2 spell: Throw Flame
  1330 | D:2      | Learned a level 3 spell: Conjure Flame
  1368 | D:2      | Found a faded altar of an unknown god.
  1379 | D:2      | Became a worshipper of Uskayaw the Reveler
  1379 | D:2      | Reached * piety under Uskayaw
  2238 | D:3      | Reached XP level 4. HP: 30/30 MP: 2/9
  2238 | D:3      | Reached ** piety under Uskayaw
  2348 | D:3      | You fall through a shaft!
  2603 | D:4      | Found a sparkling altar of Nemelex Xobeh.
  2943 | D:4      | Reached XP level 5. HP: 35/35 MP: 3/11
  3179 | D:4      | Found a hide-covered altar of Uskayaw.
  3193 | D:4      | Noticed a centaur
  3293 | D:3      | Noticed a hornet
  3308 | D:3      | Slain by a hornet

Levels and vault maps discovered:
D:1:      shiori_arrival_whats_in_store_for_you, layout_basic, minmay_liquid_box
D:2:      layout_loops_ring, first_ration,
          chequers_ecumenical_altar_simple_redux, corexii_shack, feat_on_display
D:3:      layout_loops_ring, hex_medium, nemelex_dance_club_becter
D:4:      layout_basic, eat_drink_and_be_merry_uskayaw,
          nemelex_xobeh_ov_fountains_minmay

Skill      XL: |  1  2  3  4  5 |
---------------+----------------+-----
Conjurations   | 1 2 |  2.1
Spellcasting   | 3 4 |  4.3
Fire Magic     | 3 4 |  4.1
Dodging        | |  1.5
Stealth        | |  1.5

Action                   |  1- 3 |  4- 6 || total
-------------------------+-------+-------++-------
Melee: Short sword       |     3 |       ||     3
       Dagger            |    10 |     4 ||    14
 Cast: Flame Tongue      |    67 |    44 ||   111
       Throw Flame       |       |     9 ||     9
       Conjure Flame     |       |     1 ||     1
Invok: Stomp             |     1 |       ||     1
Armor: Robe              |     9 |     1 ||    10
Dodge: Dodged            |    30 |    26 ||    56

Table legend:
 A = Non-vault XP
 B = Vault XP
 C = Vault XP percentage of total XP
 D = Non-vault monster count
 E = Vault monster count
 F = Vault count percentage of total count
                 A         B        C        D         E       F
            +---------+---------+-------+---------+---------+-------
      Total |     285 |       3 |   1.0 |      52 |       1 |   1.9
            +---------+---------+-------+---------+---------+-------
        D:1 |      28 |       0 |   0.0 |      13 |       0 |   0.0
        D:2 |      59 |       3 |   4.8 |      21 |       1 |   4.5
        D:3 |      13 |       0 |   0.0 |       5 |       0 |   0.0
        D:4 |     185 |       0 |   0.0 |      13 |       0 |   0.0
            +---------+---------+-------+---------+---------+-------
